 Dungeon Crawl Stone Soup version 0.31-a0-1074-g0b22e4e0f1 (webtiles) character file.

Game seed: 3972464714089964600

47553 BLEEG the Devastator (level 14, -1/72 HPs)
             Began as a Tengu Conjurer on Dec 5, 2023.
             Was the Champion of Jiyva.
             Slain by a death yak (24 damage)
             ... on level 4 of the Lair of Beasts on Dec 8, 2023.
             The game lasted 02:20:41 (14747 turns).

BLEEG the Devastator (Tengu Conjurer)              Turns: 14747, Time: 02:20:42

Health: -1/72      AC:  6    Str: 13    XL:     14   Next: 42%
Magic:  29/32      EV: 37    Int: 17    God:    Jiyva [******]
Gold:   469        SH:  0    Dex: 16    Spells: 24/39 levels left

rFire   + . .        l - staff of conjuration
rCold   . . .        (no shield)
rNeg    . . .        a - +0 robe
rPois   +            J - melded +2 hat
rElec   .            (cloak currently unavailable)
rCorr   +            p - melded +0 pair of gloves
SInv    .            (boots unavailable)
Will    ++...        (no amulet)
Stlth   ++++         t - ring of willpower
HPRegen 1.92/turn    h - ring of protection from fire
MPRegen 0.73/turn

%: acrobat
@: beast-form, acrobatic, flying, studying Throwing
A: beast (slay +4), flying, beak, talons 3, evasive flight, acrobatic,
iridescent scales 1, poison resistance, strong 1, gelatinous body 3, pseudopods
1, translucent skin 2
a: Begin Untransformation, Renounce Religion, Oozemancy, Slimify


You were on level 4 of the Lair of Beasts.
You worshipped Jiyva.
Jiyva was exalted by your worship.
You were a hulking beast.
You visited 4 branches of the dungeon, and saw 15 of its levels.
You also visited: Sewer and Ice Cave.

You collected 559 gold pieces.
You spent 90 gold pieces at shops.

Inventory:

Hand Weapons
 f - a +1 glaive of venom
 r - a +0 flail of protection
 B - a +1 trident of venom
 O - the +9 war axe "Nuasi" {flame, rF+ Dex+3}
   (You found it on level 7 of the Dungeon)

   Dex+3:     It affects your dexterity (+3).
   rF+:       It protects you from fire.
 Z - the +3 hand axe of Ezutusm {freeze, Stlth+}
   (You found it in an ice cave)

   Stlth+:    It makes you more stealthy.
Missiles
 w - 9 boomerangs
 x - a throwing net
 U - 2 curare-tipped darts
 W - 22 poisoned darts
Armour
 a - a +0 robe (worn)
 k - a +1 leather armour of willpower
 m - the +5 robe of Misfortune {Harm *Corrode *Slow EV+5}
   (You found it on level 2 of the Dungeon)

   EV+5:      It affects your evasion (+5).
   *Corrode:  It may corrode you when you take damage.
   *Slow:     It may slow you when you take damage.
   Harm:      It increases damage dealt and taken.
 p - a +0 pair of gloves (melded)
 J - a +2 hat (melded)
 M - a +2 leather armour of poison resistance
 Y - a +2 plate armour of cold resistance
Magical Staves
 l - a staff of conjuration (weapon)
 Q - a staff of death
 T - a staff of air
Jewellery
 h - a ring of protection from fire (right hand)
 i - a ring of fire
 o - the ring "Wiereed" {Ice Will+}
   (You found it in an ice cave)

   [ring of ice]

   Ice:       It enhances your ice magic.
   rF-:       It makes you vulnerable to fire.
   rC+:       It protects you from cold.
   Will+:     It increases your willpower.
 t - a ring of willpower (left hand)
Talismans
 g - a beast talisman (active)
 L - a serpent talisman
Wands
 j - a wand of acid (18)
 z - a wand of polymorph (8)
 G - a wand of flame (13)
 X - a wand of paralysis (1)
Scrolls
 c - a scroll of poison
 d - a scroll of noise {unknown}
 e - 2 scrolls of immolation {unknown}
 n - a scroll of enchant weapon {unknown}
 s - a scroll of fog
 y - 2 scrolls of blinking {unknown}
 A - a scroll of torment {unknown}
 F - a scroll of amnesia {unknown}
 I - 3 scrolls of teleportation
 N - a scroll of brand weapon {unknown}
 P - a scroll of revelation {unknown}
 S - a scroll of enchant armour {unknown}
Potions
 b - 2 potions of magic
 q - 2 potions of haste
 u - a potion of might
 v - a potion of enlightenment
 E - a potion of brilliance
 H - 4 potions of attraction
 K - a potion of invisibility {unknown}
 R - a potion of mutation {unknown}
Miscellaneous
 V - a sack of spiders


   Skills:
 + Level 2.7 Fighting
 + Level 1.3 Throwing
 + Level 6.5 Dodging
 + Level 4.8 Stealth
 + Level 13.1 Spellcasting
 + Level 17.5 Conjurations
 + Level 5.2 Hexes
 + Level 3.2 Translocations
 + Level 1.3 Evocations
 * Level 9.4 Shapeshifting


You had 24 spell levels left.
You knew the following spells:

 Your Spells              Type           Power      Damage    Failure   Level
a - Magic Dart            Conj           100%       1d8       0%          1
b - Searing Ray           Conj           100%       2d8       0%          2
c - Slow                  Hex            100%       N/A       1%          1
d - Dazzling Flash        Conj/Hex       100%       N/A       1%          3
e - Fulminant Prism       Conj/Hex       33%        3d15      1%          4
f - Iskenderun's Mystic   Conj/Tloc      63%        2d13      1%          4

Your spell library contained the following spells:

 Spells                   Type           Power      Damage    Failure   Level
 Hailstorm                Conj/Ice       57%        3d12      1%          3
 Confusing Touch          Hex            29%        N/A       2%          3
 Sigil of Binding         Hex            29%        N/A       2%          3
 Vampiric Draining        Necr           11%        2d6       19%         3
 Summon Ice Beast         Ice/Summ       11%        N/A       52%         4
 Summon Mana Viper        Hex/Summ       20%        N/A       52%         5
 Summon Forest            Summ/Tloc      8%         N/A       65%         5
 Simulacrum               Ice/Necr       5%         N/A       100%        6
 Summon Cactus Giant      Summ           5%         N/A       100%        6


Dungeon Overview and Level Annotations

Branches:
Dungeon (9/15)             Temple (1/1) D:4            Lair (4/5) D:8
 Shoals (1/4) Lair:3       Spider (0/4) Lair:3        Sewer (visited)
  IceCv (visited)
  Slime: Lair:4-5       Orc: D:9-12

Altars:
Ashenzari
Cheibriados
Dithmenos
Elyvilon
Fedhas
Gozag
Hepliaklqana
Kikubaaqudgha
Makhleb
Nemelex Xobeh
Okawaru
Qazlal
Ru
Sif Muna
Trog
Uskayaw
Vehumet
Wu Jian
Xom
Yredelemnul
Zin
The Shining One

Shops:
D:5 !   D:7 (   D:8 (


Innate Abilities, Weirdness & Mutations

You are a hulking beast.
Your limbs bulge with bestial killing power. (Slay +4)
You are flying.
You have a beak for a mouth.
You have claws for feet.
Your magical flight helps you evade attacks. (EV +4)
You can magically evade attacks while moving or waiting.
You are partially covered in iridescent scales. (AC +2)
Your system is resistant to poisons. (rPois)
Your muscles are strong. (Str +4, Int/Dex -1)
Your gelatinous body deflects attacks. (AC +3, EV +3)
Armour fits poorly on your pseudopods.
Your translucent skin reduces your foes' accuracy. (Stealth+)


Message History

Your quicksilver ooze hits the death yak.
Your azure jelly hits the death yak.
Your azure jelly freezes the death yak!!
The death yak dies!
The death yak gores your quicksilver ooze!
Your quicksilver ooze dies!
Your quicksilver ooze dissolves into a puddle of slime!
The death yak attacks as it pursues you!
The death yak gores you!!
* * * LOW HITPOINT WARNING * * *
You shudder from the blow and a jelly pops out!
Your azure jelly hits the death yak!
Your azure jelly freezes the death yak!!
Your azure jelly hits the death yak but does no damage.
Your azure jelly completely misses the death yak.
Your azure jelly hits the death yak but does no damage.
The death yak completely misses you.
Your azure jelly hits the death yak but does no damage.
Your azure jelly hits the death yak.
Your azure jelly freezes the death yak!!
Your azure jelly hits the death yak but does no damage.
Your azure jelly hits the death yak.
Found a scroll labelled FUZOEV ZIOX and a twisted ivory wand.
Your azure jelly hits the death yak but does no damage.
Your azure jelly hits the death yak.
Your azure jelly freezes the death yak!
Your azure jelly hits the death yak. x2
The death yak completely misses your azure jelly.
Your azure jelly hits the death yak but does no damage.
Your azure jelly hits the death yak.
Your azure jelly freezes the death yak!
The death yak dies!
Casting: Iskenderun's Mystic Blast (dangerous; 1% risk of failure)
Press: ? - help, Q - select action, (/) - cycle Dir - look around, f - activate You feel a surge of power!
You erupt in a blast of force!
The mystic blast hits the death yak!!
The death yak is moderately wounded.
Your azure jelly hits the death yak.
Your azure jelly freezes the death yak!!!
The death yak dies!
The death yak gores you!!
You die...

##.........#
##........#
#.<......#
##.†.....##
#.........#
#........##
#..J.....#
#....J...#
#....hY..##
##..!.....#
#........##
#P.........#
#
##P......###
###
#P......#
###..
#........
.....
..#........
##...
.........?/
#....


You could see a death yak (ally target) and 2 friendly azure jellies.

Vanquished Creatures
  The ghost of wildpjah the Unseen, a journeyman VSEn of Dithmenos (Lair:2)
  A merfolk impaler (Shoals:1)
  An ice dragon (Lair:3)
  3 hydras
  A two-headed ogre (D:9)
  Sonja (Lair:1)
  2 death yaks
  A pharaoh ant (Lair:3)
  A sea snake (Shoals:1)
  2 deep trolls (D:9)
  4 harpies (Shoals:1)
  A cyclops (Lair:3)
  3 fauns (Shoals:1)
  A manticore (Shoals:1)
  A merfolk siren (Shoals:1)
  A black mamba (Lair:3)
  A water nymph (Shoals:1)
  An ice statue (IceCv)
  10 cane toads
  Maggie (D:7)
  Jeremiah (D:8)
  3 rime drakes
  7 komodo dragons
  A red devil (D:9)
  5 trolls
  2 hellwings (D:9)
  2 tarantellas (Lair:3)
  A polar bear (Lair:3)
  6 merfolk
  Prince Ribbit (D:7)
  7 blink frogs
  A hornet (D:7)
  6 dream sheep (Lair:3)
  2 snapping turtles (Shoals:1)
  4 wyverns
  A water elemental (Shoals:1)
  47 yaks
  3 basilisks
  Grum (D:8)
  A redback (Lair:3)
  A steam dragon (D:8)
  10 water moccasins
  Edmund (D:4)
  A black bear (D:5)
  2 ice beasts (D:6)
  A sky beast (D:7)
  4 ogres
  10 wolves
  6 centaurs
  A phantom (D:4)
  The ghost of HilariousDeathArtist the Sneak, an amateur OpBr of Cheibriados (D:3)
  2 slime creature simulacra (IceCv)
  5 kobold brigands
  5 glowing shapeshifter simulacra (IceCv)
  3 scorpions
  8 bullfrogs
  A gnoll sergeant (D:8)
  3 killer bees (D:7)
  5 jellies
  4 hounds (D:5)
  4 gnoll boudas
  4 sleepcaps (D:5)
  2 iguanas
  Natasha (D:3)
  3 orc wizards
  2 hell rats (D:8)
  22 gnolls
  4 adders
  A river rat (Sewer)
  2 shadow imps
  2 white imps (D:7)
  4 ufetubi (D:6)
  2 worms (D:3)
  14 orcs
  9 endoplasms
  12 giant cockroaches
  3 goblins
  7 hobgoblins
  2 jackals (D:1)
  3 quokkas
  8 ball pythons
  2 bats
  3 frilled lizards
  9 kobolds
  10 rats
  2 fulminant prisms (D:8)
351 creatures vanquished.

Vanquished Creatures (collateral kills)
  Gastronok (D:8)
  A merfolk impaler (Shoals:1)
  8 death yaks
  A skyshark (Shoals:1)
  A harpy (Shoals:1)
  A manticore (Shoals:1)
  A komodo dragon (Lair:2)
  A dream sheep (Lair:3)
  A snapping turtle (Shoals:1)
  Menkaure (D:7)
  A centaur (D:7)
  A bullfrog (D:7)
  A scorpion (D:7)
20 creatures vanquished.

Vanquished Creatures (others)
  An oklob plant (Lair:1)
  A smoke demon (D:9)
  4 slime creatures (IceCv)
  A shadow (D:9)
  A yak (Lair:2)
  The ghost of monsoonserge the Charlatan, an amateur OpAr (D:3)
  A great orb of eyes simulacrum (IceCv)
  Duvessa (D:4)
  2 centaurs
  2 slime creature simulacra (IceCv)
  2 bullfrogs
  A glowing shapeshifter simulacrum (IceCv)
  Dowan (D:4)
  67 jellies
  An electric eel (Lair:3)
  A sleepcap (D:4)
  Natasha (twice) (D:3)
  3 shapeshifter simulacra (IceCv)
  A white imp (D:5)
  3 orcs (D:4)
  18 endoplasms
  A giant cockroach (D:3)
  3 goblins
  2 hobgoblins (D:3)
  2 quokkas
  A ball python (D:4)
  6 kobolds
  2 rats (D:3)
  155 fulminant prisms
287 creatures vanquished.

Grand Total: 658 creatures vanquished

Notes
Turn   | Place    | Note
-------+----------+-------------------------------------------
     0 | D:1      | BLEEG the Tengu Conjurer began the quest for the Orb.
     0 | D:1      | Reached XP level 1. HP: 10/10 MP: 4/4
   320 | D:1      | Reached XP level 2. HP: 15/15 MP: 3/6
  1088 | D:2      | Reached skill level 6 in Conjurations
  1184 | D:2      | Found the +5 robe of Misfortune {Harm *Corrode *Slow EV+5}
  1246 | D:2      | Reached XP level 3. HP: 19/19 MP: 5/7
  1333 | D:2      | Learned a level 2 spell: Searing Ray
  1979 | D:3      | Found a glowing drain.
  1990 | Sewer    | Entered a sewer
  2217 | Sewer    | Reached XP level 4. HP: 24/24 MP: 6/8
  2462 | Sewer    | Reached skill level 7 in Conjurations
  2462 | Sewer    | Reached skill level 1 in Shapeshifting
  2462 | Sewer    | Reached XP level 5. HP: 28/28 MP: 5/9
  2495 | Sewer    | Found a viscous altar of Jiyva.
  2567 | Sewer    | Became a worshipper of Jiyva Jyerr the Shapeless
  2817 | D:3      | Noticed Natasha
  2830 | D:3      | Killed Natasha
  2865 | D:3      | Killed Natasha
  2923 | D:3      | Killed monsoonserge's ghost
  2924 | D:3      | Killed Natasha
  2926 | D:3      | Found a faded altar of an unknown god.
  3157 | D:3      | Found a runed translucent gate.
  3157 | D:3      | Found a runed translucent gate.
  3157 | D:3      | Found a runed translucent gate.
  3158 | D:3      | Noticed HilariousDeathArtist's ghost (amateur OpBr)
  3226 | D:3      | Killed HilariousDeathArtist's ghost
  3227 | D:3      | Reached XP level 6. HP: 30/32 MP: 3/11
  3323 | D:4      | Reached * piety under Jiyva
  3407 | D:4      | Learned a level 1 spell: Slow
  3411 | D:4      | Learned a level 3 spell: Dazzling Flash
  3646 | D:4      | Gained mutation: Your magical flight helps you evade
                  | attacks. (EV +4) [Tengu growth]
  3646 | D:4      | Reached XP level 7. HP: 36/36 MP: 5/13
  3726 | D:4      | Found an iron altar of Okawaru.
  3728 | D:4      | Found a white marble altar of Elyvilon.
  3789 | D:4      | Noticed Duvessa
  3796 | D:4      | Noticed Dowan
  3893 | D:4      | Killed Dowan
  3894 | D:4      | Found a staircase to the Ecumenical Temple.
  3903 | Temple   | Entered the Ecumenical Temple
  3924 | D:4      | Found a shimmering altar of Xom.
  3930 | D:4      | Found a bloodstained altar of Trog.
  3979 | D:4      | Reached skill level 8 in Conjurations
  4003 | D:4      | Reached ** piety under Jiyva
  4032 | D:4      | Killed Duvessa
  4139 | D:4      | Noticed Edmund
  4156 | D:4      | Killed Edmund
  4408 | D:5      | Entered Level 5 of the Dungeon
  4426 | D:5      | Reached skill level 1 in Fighting
  4426 | D:5      | Reached XP level 8. HP: 32/43 MP: 10/16
  4486 | D:5      | Found Guiguff's Distillery.
  4492 | D:5      | Bought a potion of lignification for 30 gold pieces
  4492 | D:5      | Bought 2 potions of curing for 60 gold pieces
  4617 | D:5      | Found a broken altar of Ashenzari.
  4621 | D:5      | Reached *** piety under Jiyva
  4731 | D:5      | Reached skill level 1 in Evocations
  4854 | D:5      | Reached skill level 5 in Spellcasting
  4945 | D:5      | Reached skill level 9 in Conjurations
  5294 | D:6      | Gained mutation: You are resistant to electric shocks.
                  | (rElec) [Jiyva's grace]
  5294 | D:6      | Gained mutation: Your melee attacks may engulf your foes in
                  | ooze. [Jiyva's grace]
  5294 | D:6      | Gained mutation: Your mind is acute. (Int +4, Str/Dex -1)
                  | [Jiyva's grace]
  5294 | D:6      | Gained mutation: Your mind is very acute. (Int +8, Str/Dex
                  | -2) [Jiyva's grace]
  5346 | D:6      | Reached skill level 1 in Throwing
  5476 | D:6      | Reached skill level 1 in Hexes
  5500 | D:6      | Found a radiant altar of Vehumet.
  5594 | D:6      | Reached **** piety under Jiyva
  5803 | D:6      | Reached XP level 9. HP: 47/47 MP: 14/18
  5820 | D:6      | Noticed a troll
  5858 | D:6      | Killed a troll
  6176 | D:7      | Reached skill level 10 in Conjurations
  6215 | D:7      | Reached ***** piety under Jiyva
  6258 | D:7      | Identified the +9 war axe "Nuasi" {flame, rF+ Dex+3}
  6290 | D:7      | Noticed Menkaure
  6301 | D:7      | Killed Menkaure
  6319 | D:7      | Noticed Prince Ribbit
  6328 | D:7      | Killed Prince Ribbit
  6329 | D:7      | Noticed a hornet
  6335 | D:7      | Killed a hornet
  6336 | D:7      | Reached skill level 11 in Conjurations
  6386 | D:7      | Noticed Maggie
  6404 | D:7      | Killed Maggie
  6405 | D:7      | Reached XP level 10. HP: 53/53 MP: 15/22
  6413 | D:7      | Learned a level 4 spell: Fulminant Prism
  6418 | D:7      | Learned a level 4 spell: Iskenderun's Mystic Blast
  6502 | D:7      | Found Vuda's Weapon Boutique.
  6676 | D:8      | Lost mutation: You are resistant to electric shocks.
                  | (rElec) [Jiyva's grace]
  6676 | D:8      | Gained mutation: Your system is resistant to poisons.
                  | (rPois) [Jiyva's grace]
  6676 | D:8      | Gained mutation: Your muscles are strong. (Str +4, Int/Dex
                  | -1) [Jiyva's grace]
  6676 | D:8      | Gained mutation: Your muscles are very strong. (Str +8,
                  | Int/Dex -2) [Jiyva's grace]
  6676 | D:8      | Gained mutation: You expend magic power (3 MP) to
                  | strengthen your wands. [Jiyva's grace]
  6768 | D:8      | Noticed Gastronok
  6799 | D:8      | Killed Gastronok
  6800 | D:8      | Reached skill level 5 in Shapeshifting
  6843 | D:8      | Found Nolacwea's Weapon Shop.
  6923 | D:8      | Reached skill level 12 in Conjurations
  6999 | D:8      | Noticed Jeremiah
  6999 | D:8      | Noticed a death yak
  7001 | D:8      | Noticed a death yak
  7011 | D:8      | Killed Jeremiah
  7012 | D:8      | Noticed a death yak
  7024 | D:8      | Killed a death yak
  7058 | D:8      | Found a staircase to the Lair.
  7096 | D:8      | Killed a death yak
  7097 | D:8      | Reached XP level 11. HP: 33/57 MP: 17/24
  7097 | D:8      | Killed a death yak
  7098 | D:8      | Reached skill level 13 in Conjurations
  7110 | D:8      | Noticed Grum
  7115 | D:8      | Was placed under penance by Jiyva
  7131 | D:8      | Killed Grum
  7263 | D:8      | Was forgiven by Jiyva
  7518 | D:8      | Found a sparkling altar of Nemelex Xobeh.
  7684 | Lair:1   | Entered Level 1 of the Lair of Beasts
  7772 | Lair:1   | Killed an oklob plant
  7935 | Lair:1   | Noticed Sonja
  8017 | Lair:1   | Reached skill level 1 in Translocations
  8188 | Lair:1   | Reached skill level 10 in Spellcasting
  8202 | Lair:1   | Reached ****** piety under Jiyva
  8361 | Lair:1   | Reached skill level 14 in Conjurations
  8362 | Lair:1   | Reached skill level 5 in Dodging
  8378 | Lair:1   | Reached XP level 12. HP: 39/62 MP: 7/27
  8505 | Lair:1   | Lost mutation: Your mind is very acute. (Int +8, Str/Dex
                  | -2) [Jiyva's grace]
  8505 | Lair:1   | Lost mutation: Your mind is acute. (Int +4, Str/Dex -1)
                  | [Jiyva's grace]
  8505 | Lair:1   | Lost mutation: You expend magic power (3 MP) to strengthen
                  | your wands. [Jiyva's grace]
  8505 | Lair:1   | Lost mutation: Your melee attacks may engulf your foes in
                  | ooze. [Jiyva's grace]
  8505 | Lair:1   | Gained mutation: You are agile. (Dex +4, Str/Int -1)
                  | [Jiyva's grace]
  8505 | Lair:1   | Gained mutation: You are very agile. (Dex +8, Str/Int -2)
                  | [Jiyva's grace]
  8505 | Lair:1   | Gained mutation: You are partially covered in iridescent
                  | scales. (AC +2) [Jiyva's grace]
  8505 | Lair:1   | Gained mutation: You are mostly covered in iridescent
                  | scales. (AC +4) [Jiyva's grace]
  8760 | Lair:1   | Killed Sonja
  9459 | Lair:2   | Found a runed translucent door.
  9459 | Lair:2   | Noticed wildpjah's ghost (journeyman VSEn)
  9522 | Lair:2   | Noticed a death yak
  9524 | Lair:2   | Noticed a death yak
  9546 | Lair:2   | Noticed a death yak
  9547 | Lair:2   | Killed a death yak
  9548 | Lair:2   | Reached skill level 15 in Conjurations
  9594 | Lair:2   | Killed a death yak
  9595 | Lair:2   | Killed a death yak
 10061 | Lair:2   | Killed wildpjah's ghost
 10386 | D:9      | Reached XP level 13. HP: 68/68 MP: 4/29
 11254 | Lair:3   | Reached skill level 16 in Conjurations
 11417 | Lair:3   | Found a hole to the Spider Nest.
 11425 | Lair:3   | Lost mutation: You are mostly covered in iridescent scales.
                  | (AC +4) [Jiyva's grace]
 11425 | Lair:3   | Gained mutation: You possess an exceptional clarity of
                  | mind. [Jiyva's grace]
 11425 | Lair:3   | Gained mutation: Your translucent skin slightly reduces
                  | your foes' accuracy. (Stealth+) [Jiyva's grace]
 11425 | Lair:3   | Gained mutation: Your translucent skin reduces your foes'
                  | accuracy. (Stealth+) [Jiyva's grace]
 11425 | Lair:3   | Gained mutation: Your transparent skin significantly
                  | reduces your foes' accuracy. (Stealth+) [Jiyva's grace]
 11479 | Lair:3   | Found a frozen archway.
 11482 | Lair:3   | Noticed an ice dragon
 11496 | Lair:3   | Killed an ice dragon
 11505 | IceCv    | Entered an ice cave
 11730 | IceCv    | Noticed an azure jelly
 11744 | IceCv    | Noticed a quicksilver ooze
 11773 | IceCv    | Found a viscous altar of Jiyva.
 11776 | IceCv    | Noticed an azure jelly
 11791 | IceCv    | Got the ring "Wiereed" {Ice Will+}
 11793 | IceCv    | Got the +3 hand axe of Ezutusm {freeze, Stlth+}
 12603 | Lair:3   | Was placed under penance by Jiyva
 12643 | Lair:3   | Lost mutation: Your transparent skin significantly reduces
                  | your foes' accuracy. (Stealth+) [the all-consuming
                  | vengeance of Jiyva]
 12757 | Lair:3   | Found a staircase to the Shoals.
 12766 | Shoals:1 | Entered Level 1 of the Shoals
 12766 | Shoals:1 | Was forgiven by Jiyva
 12827 | Shoals:1 | Reached XP level 14. HP: 48/72 MP: 15/31
 12914 | Shoals:1 | Reached skill level 17 in Conjurations
 12955 | Shoals:1 | Lost mutation: You are very agile. (Dex +8, Str/Int -2)
                  | [Jiyva's grace]
 12955 | Shoals:1 | Lost mutation: You are agile. (Dex +4, Str/Int -1) [Jiyva's
                  | grace]
 12955 | Shoals:1 | Lost mutation: You possess an exceptional clarity of mind.
                  | [Jiyva's grace]
 12955 | Shoals:1 | Lost mutation: Your muscles are very strong. (Str +8,
                  | Int/Dex -2) [Jiyva's grace]
 12955 | Shoals:1 | Gained mutation: Your rubbery body absorbs attacks. (AC +1,
                  | EV +1) [Jiyva's grace]
 12955 | Shoals:1 | Gained mutation: Your pliable body absorbs attacks. (AC +2,
                  | EV +2) [Jiyva's grace]
 12955 | Shoals:1 | Gained mutation: Your gelatinous body deflects attacks. (AC
                  | +3, EV +3) [Jiyva's grace]
 12955 | Shoals:1 | Gained mutation: Armour fits poorly on your pseudopods.
                  | [Jiyva's grace]
 13009 | Shoals:1 | Was placed under penance by Jiyva
 13010 | Shoals:1 | Reached skill level 5 in Hexes
 13240 | Shoals:1 | HP: 5/108 [faun/sling bullet (18)]
 13774 | Shoals:1 | Was forgiven by Jiyva
 14747 | Lair:4   | Slain by a death yak

Illustrated notes

Levels and vault maps discovered:
D:1:      spicycebolla_green_bress_n_ham, layout_basic
D:2:      layout_loops_cross
D:3:      layout_rooms, hellmonk_ecumenical_altar_zigzags,
          gammafunk_ghost_cemetery, portal_sewer_entry_f, kennysheep_potato,
          uniq_natasha
D:4:      layout_gridville, nicolae_overflow_macrodata_refinement,
          minmay_temple_entry_hall, uniq_duvessa, uniq_edmund
D:5:      layout_loops_ring, ashenzari_conservatory_becter, serial_shops,
          nicolae_shop_industrial_runoff, hellmonk_no_cap
D:6:      layout_cave_pods, kennysheep_little_box
D:7:      layout_rooms, serial_shops, nicolae_shop_bloodbath_and_beyond,
          nrook_mini_backslash, uniq_maggie, uniq_menkaure, uniq_prince_ribbit1
D:8:      layout_cave_pools, dpeg_lair_monsters, serial_shops, shop,
          hangedman_decor_riveting, kennysheep_nub, roadster_trireme, uniq_grum,
          uniq_gastronok, uniq_jeremiah
D:9:      lemuel_troll_bridge, layout_basic, nicolae_where_there's_smoke
Temple:   compressed_dpeg_triangle_lava_temple
Lair:1:   lemuel_slime, layout_regular_city, grunt_megastairs_1,
          lemuel_fruit_tree, infiniplex_staircase_pool_2, uniq_sonja
Lair:2:   layout_cave_pods, ebering_ghost_reflecting_pool
Lair:3:   layout_regular_city, mainiacjoe_shoals_entry_four_pools,
          nicolae_spider_entry_lesser_pyramids,
          portal_ice_cave_entry_animals_and_master
Lair:4:   layout_hall_layers, slime_entry_1, special_room [special_room_bee],
          lemuel_fruit_fields
Shoals:1: layout_shoals

Skill      XL: |  1  2  3  4  5  6  7  8  9 10 11 12 13 14 |
---------------+-------------------------------------------+-----
Conjurations   | 6 7 8 9 11 12 14 15 16 17 | 17.5
Shapeshifting  | 1 2 4 5 6 7 9 |  9.4
Spellcasting   | 3 4 5 7 8 10 11 12 13 | 13.1
Dodging        | 3 4 5 6 |  6.5
Fighting       | 1 2 |  2.7
Evocations     | 1 |  1.3
Stealth        | 3 4 |  4.8
Throwing       | 1 |  1.3
Hexes          | 1 2 3 4 5 |  5.2
Translocations | 1 2 3 |  3.2

Action                     |  1- 3 |  4- 6 |  7- 9 | 10-12 | 13-15 || total
---------------------------+-------+-------+-------+-------+-------++-------
  Melee: Whip              |     1 |       |     4 |       |       ||     5
         Kick              |       |       |     2 |     3 |     3 ||     8
         Staff             |       |       |       |     6 |     5 ||    11
         Peck              |       |       |       |     1 |     2 ||     3
  Throw: Dart              |       |       |     4 |       |       ||     4
   Cast: Magic Dart        |    66 |    45 |   113 |    83 |    60 ||   367
         Searing Ray       |     4 |    14 |    40 |    84 |    75 ||   217
         Slow              |       |     1 |     2 |     6 |     5 ||    14
         Fulminant Prism   |       |       |       |    73 |    84 ||   157
         Iskenderun's Myst |       |       |       |    38 |    28 ||    66
         Dazzling Flash    |       |       |       |     2 |     1 ||     3
  Evoke: Wand              |       |       |     3 |     4 |     1 ||     8
    Use: Scroll            |       |     6 |     2 |       |     1 ||     9
         Potion            |       |     1 |     3 |     1 |     9 ||    14
 Armour: Robe              |     4 |     4 |    35 |    68 |    43 ||   154
         Skin              |       |       |       |       |    12 ||    12
  Dodge: Dodged            |     7 |     7 |    69 |   252 |   159 ||   494
   Form: Beast             |       |       |       |     1 |       ||     1

Table legend: (Time is in decaauts)
 A = Elapsed time spent in this place.
 B = Non-inter-level travel time spent in this place.
 C = Inter-level travel time spent in this place.
 D = Time resting spent in this place.
 E = Time spent auto-exploring this place.
 F = Levels seen in this place.
 G = Mean time per level.
                   A        B        C        D        E       F      G
               +--------+--------+--------+--------+--------+-----+--------+
         Total |  14760 |  13831 |    929 |    298 |  10321 |  17 |  868.2 |
       Dungeon |   8331 |   7803 |    528 |    116 |   6099 |   9 |  925.7 |
        Temple |      4 |      1 |      3 |      0 |      0 |   1 |    4.0 |
          Lair |   3814 |   3462 |    352 |     95 |   2455 |   4 |  953.5 |
        Shoals |   1557 |   1512 |     45 |      3 |   1043 |   1 | 1557.0 |
         Sewer |    683 |    683 |      0 |     46 |    541 |   1 |  683.0 |
      Ice Cave |    367 |    367 |      0 |     38 |    183 |   1 |  367.0 |
               +--------+--------+--------+--------+--------+-----+--------+

Top non-repeatable levels by time:
Shoals:1: 1557 daAuts
  Lair:2: 1286 daAuts
  Lair:3: 1276 daAuts
     D:8: 1263 daAuts
  Lair:1: 1155 daAuts
     D:4: 1105 daAuts
     D:1: 1085 daAuts
     D:9: 957 daAuts
     D:6: 949 daAuts
     D:5: 908 daAuts
     D:2: 828 daAuts
     D:3: 731 daAuts
   Sewer: 683 daAuts
     D:7: 500 daAuts
   IceCv: 367 daAuts
